 Dungeon Crawl Stone Soup version 0.20.0-15-g7f486f2 (webtiles) character file.

113 anfisbena the Slasher (level 4, 0/23 HPs)
             Began as a Vine Stalker Fighter on June 14, 2017.
             Slain by Feta's ghost (12 damage)
             ... on level 3 of the Dungeon.
             The game lasted 00:02:52 (3212 turns).

anfisbena the Slasher (Vine Stalker Fighter)        Turns: 3212, Time: 00:02:53

Health: 0/23       AC:  8    Str: 18    XL:     4   Next: 96%
Magic:  0/5        EV:  7    Int:  8    God:
Gold:   124        SH:  9    Dex: 15    Spells: 3/3 levels left

rFire    . . .     SeeInvis .   a - +0 long sword
rCold    . . .     Gourm    .   c - +0 shield
rNeg     . . .     Faith    .   g - +0 ring mail (curse)
rPois    .         Spirit   +   e - +0 helmet (curse)
rElec    .         Reflect  .   (no cloak)
rCorr    .         Harm     .   i - +1 pair of gloves
MR       .....                  (no boots)
Stlth    +.........             (no amulet)
Regen    0.5/turn               (no ring)
MPRegen  0.1/turn               (no ring)

@: no status effects
A: fangs 2, regeneration 1, magic shield, antimagic bite, no potion heal 3, rot
immunity
a: no special abilities


You were on level 3 of the Dungeon.
You were hungry.

You visited 1 branch of the dungeon, and saw 3 of its levels.

You collected 124 gold pieces.

Inventory:

Hand Weapons
 a - a +0 long sword (weapon)
Armour
 c - a +0 shield (worn)
 e - a cursed +0 helmet (worn)
 g - a cursed +0 ring mail (worn)
 i - a +1 pair of gloves (worn)
 s - a cursed -1 chain mail
Scrolls
 b - a scroll of random uselessness {unknown}
 j - 2 scrolls of identify
Potions
 d - 2 potions of might
 h - a potion of brilliance {unknown}
 k - 2 potions of lignification {unknown}
 l - a potion of magic {unknown}
 n - a potion of curing {unknown}
 o - a potion of ambrosia {unknown}
 p - a potion of cancellation {unknown}
Books
 q - a book of Maledictions

   Spells                             Type                      Level
   a - Corona                         Hexes                        1
   b - Ensorcelled Hibernation        Hexes/Ice                    2
   c - Confuse                        Hexes                        3
   d - Tukima's Dance                 Hexes                        3
   e - Dazzling Spray                 Conjuration/Hexes            3
Comestibles
 f - 2 bread rations
 m - 5 chunks of flesh
 r - a meat ration


   Skills:
 - Level 2.6 Fighting
 + Level 4.4 Long Blades
 - Level 2.4 Armour
 - Level 2.6 Shields


You had 3 spell levels left.
You didn't know any spells.

Dungeon Overview and Level Annotations

Branches:
Dungeon (3/15)

Altars:

Annotations:
D:3 Feta's ghost, amateur FoFi


Innate Abilities, Weirdness & Mutations

You have extremely sharp teeth.
Your natural rate of healing is unusually fast.
When hurt, damage is shared between your health and your magic reserves.
Your bite disrupts and absorbs the magic of your enemies.
Potions cannot restore your health.
You are immune to rotting.


Message History

Feta's ghost barely misses you.
You riposte.
You closely miss Feta's ghost.
You bite Feta's ghost, but do no damage.
Feta's ghost is severely damaged.
You hit Feta's ghost. You bite Feta's ghost. You drain its power.
You feel invigorated.
Feta's ghost is severely damaged.
Feta's ghost barely misses you.
You hit Feta's ghost. Your bite misses Feta's ghost.
Feta's ghost is severely damaged.
You block Feta's ghost's attack. Feta's ghost hits you!
You hit Feta's ghost.
Feta's ghost is severely damaged.
Feta's ghost hits you!
* * * LOW HITPOINT WARNING * * *
Some of the chunks of flesh in your inventory have rotted away.
You hit Feta's ghost but do no damage. Your bite misses Feta's ghost.
Feta's ghost is severely damaged.
Feta's ghost hits you!
Ouch! That really hurt!
You die...

#. .# #. ... #.
.#.##.#########
..............#####
..................##
###.†..####.##...#
#......W@......#
#...#####.##...#
#...# #.###.## ##...#
###.###.#
......).............#
.######...####..###.#
#(..####....#.#
##.......... #.#
.....###.## #.#


You could see Feta's ghost.

Vanquished Creatures
  5 adders
  An ooze (D:2)
  A worm (D:2)
  A leopard gecko (D:2)
  An orc (D:3)
  8 hobgoblins
  4 jackals (D:1)
  A quokka (D:3)
  2 ball pythons
  11 bats
  6 frilled lizards
  7 goblins
  8 kobolds
  5 rats
61 creatures vanquished.

Notes
Turn   | Place    | Note
-------+----------+-------------------------------------------
     0 | D:1      | anfisbena the Vine Stalker Fighter began the quest for the Orb.
     0 | D:1      | Reached XP level 1. HP: 11/11 MP: 2/2
    13 | D:1      | Reached skill level 2 in Long Blades
   423 | D:1      | Reached XP level 2. HP: 4/16 MP: 0/3
  1383 | D:1      | Reached skill level 3 in Long Blades
  1402 | D:1      | Reached XP level 3. HP: 19/19 MP: 4/4
  2087 | D:2      | Gained mutation: Your natural rate of healing is unusually fast. [Vine Stalker growth]
  2087 | D:2      | Reached XP level 4. HP: 16/23 MP: 5/5
  2206 | D:2      | Reached skill level 4 in Long Blades
  3186 | D:3      | Noticed Feta's ghost (amateur FoFi)
  3212 | D:3      | Slain by Feta's ghost

Skill      XL: |  1  2  3  4 |
---------------+-------------+-----
Long Blades    | 2 3 4 |  4.4
Fighting       | |  2.6
Armour         | |  2.4
Shields        | |  2.6

Action                   |  1- 3 |  4- 6 || total
-------------------------+-------+-------++-------
Melee: Long sword        |   137 |    78 ||   215
       Bite              |    36 |    27 ||    63
  Use: Scroll            |     2 |       ||     2
  Eat: Chunk             |     4 |     3 ||     7
Armor: Scale mail        |    17 |       ||    17
       Ring mail         |    80 |    40 ||   120
Dodge: Dodged            |    53 |    29 ||    82
Block: Shield            |    99 |    26 ||   125
       Rpst.: Long sword |     8 |    10 ||    18
